 Dungeon Crawl Stone Soup version 0.31-a0-844-gdc52ec4e09 (webtiles) character file.

Game seed: 13685587502422879072

55940 quinnr the Stormcaller (level 14, 0/88 HPs)
             Began as a Tengu Air Elementalist on Sept 30, 2023.
             Was a High Priest of Vehumet.
             Slain by a slime creature (7 damage)
             ... while petrified by a basilisk
             ... on level 5 of the Lair of Beasts.
             The game lasted 01:16:58 (28332 turns).

quinnr the Stormcaller (Tengu Air Elementalist)    Turns: 28332, Time: 01:16:58

Health: 0/88       AC:  8    Str:  8    XL:     14   Next: 79%
Magic:  2/25       EV:  2    Int: 24    God:    Vehumet [*****.]
Gold:   1068       SH:  0    Dex: 11    Spells: 1/27 levels left

rFire   . . .        J - staff of poison {!a}
rCold   + . .        (no shield)
rNeg    + + +        S - +2 robe of the Vestibule of Hell {Will+ Int+4 Dex-5 Slay+3}
rPois   ∞            o - +0 hat
rElec   .            r - +1 cloak of Ufuonace {rC+}
rCorr   .            e - +1 pair of gloves
SInv    .            (boots unavailable)
Will    ++...        X - amulet of faith {!P}
Stlth   +++          P - ring of poison resistance
HPRegen 0.34/turn    Z - ring of wizardry
MPRegen 0.19/turn

%: acrobat, faith, wizardry (x1)
@: petrified, flying
A: beak, talons 3, evasive flight, acrobatic
a: Renounce Religion


You were on level 5 of the Lair of Beasts.
You worshipped Vehumet.
Vehumet was extremely pleased with you.
You visited 4 branches of the dungeon, and saw 20 of its levels.
You also visited: Bailey, Ice Cave and Volcano.

You collected 1068 gold pieces.


Innate Abilities, Weirdness & Mutations

You have a beak for a mouth.
You have claws for feet.
Your magical flight helps you evade attacks. (EV +4)
You can magically evade attacks while moving or waiting.


   Skills:
 - Level 10.0 Fighting
 + Level 13.9 Dodging
 - Level 6.0 Stealth
 - Level 7.0 Spellcasting
 - Level 2.0 Conjurations
 - Level 6.0 Summonings
 - Level 8.0 Fire Magic
 - Level 15.0 Air Magic
 - Level 7.0 Poison Magic
 - Level 9.0 Evocations


You had one spell level left.
You knew the following spells:

 Your Spells              Type           Power      Damage    Failure   Level
a - Airstrike             Air            34%        2d(5-21)  1%          4
i - Swiftness             Air            69%        N/A       1%          3
l - Summon Lightning Spi  Summ/Air       56%        N/A       1%          4
p - Poisonous Vapours     Pois/Air       100%       N/A       1%          2
z - Shock                 Conj/Air       100%       1d9       1%          1
X - Plasma Beam           Fire/Air       29%        2x1d42    1%          6
Y - Conjure Ball Lightni  Conj/Air       24%        3x3d7     4%          6

Your spell library contained the following spells:

 Spells                   Type           Power      Damage    Failure   Level
 Yara's Violent Unravell  Hex/Tmut       4%         3d4       21%         5
 Sting                    Tmut/Pois      100%       1d8       1%          1
 Slow                     Hex            32%        N/A       2%          1
 Cigotuvi's Dreadful Rot  Necr/Pois/Air  100%       N/A       1%          2
 Static Discharge         Conj/Air       98%        2-7/arc   1%          2
 Call Canine Familiar     Summ           37%        N/A       1%          3
 Ignite Poison            Fire/Tmut/Pois 48%        N/A       1%          3
 Inner Flame              Hex/Fire       27%        N/A       1%          3
 Flame Wave               Conj/Fire      32%        2d9       1%          4
 Olgreb's Toxic Radiance  Pois           58%        N/A       1%          4
 Sticky Flame             Conj/Fire      32%        2d5       1%          4
 Vhi's Electric Charge    Tloc/Air       88%        N/A       1%          4
 Arcjolt                  Conj/Air       24%        1d34      1%          5
 Summon Guardian Golem    Hex/Summ       22%        N/A       2%          3
 Freezing Cloud           Conj/Ice/Air   17%        6-21      2%          5
 Confusing Touch          Hex            8%         N/A       9%          3
 Sigil of Binding         Hex            8%         N/A       9%          3
 Vampiric Draining        Necr           8%         2d6       9%          3
 Alistair's Intoxication  Tmut/Pois      24%        N/A       19%         5
 Dimensional Bullseye     Hex/Tloc       4%         N/A       26%         4
 Dispel Undead            Necr           8%         3d8       26%         4
 Leda's Liquefaction      Hex/Erth       4%         N/A       26%         4
 Eringya's Noxious Bog    Tmut/Pois      18%        4d6       26%         6
 Borgnjor's Vile Clutch   Necr/Erth      4%         N/A       58%         5
 Spellforged Servitor     Conj/Summ      13%        N/A       67%         7
 Orb of Destruction       Conj           9%         9d6       88%         7
 Death Channel            Necr           4%         N/A       98%         6

Inventory:

Hand Weapons
 B - a +1 dagger of speed
 K - the +6 war axe "Haceife" {freeze, rC+ Will+ Dex-3}
   (You found it on level 10 of the Dungeon)

   Dex-3:     It affects your dexterity (-3).
   rC+:       It protects you from cold.
   Will+:     It increases your willpower.
 U - the +4 short sword "Coneur" {heavy, +Blink Dex+4 Stlth+}
   (You found it on level 12 of the Dungeon)

   Dex+4:     It affects your dexterity (+4).
   +Blink:    It lets you blink.
   Stlth+:    It makes you more stealthy.
Missiles
 j - 4 curare-tipped darts {=f}
 L - 2 throwing nets {=f}
Armour
 e - a +1 pair of gloves (worn)
 i - a +0 robe of fire resistance
 o - a +0 hat (worn)
 r - the +1 cloak of Ufuonace (worn) {rC+}
   (You found it on level 4 of the Dungeon)

   rC+:       It protects you from cold.
 N - a +2 robe of cold resistance
 S - the +2 robe of the Vestibule of Hell (worn) {Will+ Int+4 Dex-5 Slay+3}
   (You found it in an ice cave)

   Int+4:     It affects your intelligence (+4).
   Dex-5:     It affects your dexterity (-5).
   Slay+3:    It affects your accuracy & damage with ranged weapons and melee
   (+3).
   Will+:     It increases your willpower.
Magical Staves
 q - a staff of fire {!a}
 J - a staff of poison (weapon) {!a}
 O - a staff of cold {!a}
Jewellery
 v - an amulet of reflection
 C - a ring of ice
 F - a ring of fire
 I - a +6 ring of intelligence
 P - a ring of poison resistance (left hand)
 X - an amulet of faith (around neck) {!P}
 Z - a ring of wizardry (right hand)
Wands
 m - a wand of polymorph (16)
 p - a wand of flame (25)
 t - a wand of light (3)
 E - a wand of paralysis (6)
 G - a wand of iceblast (6)
 W - a wand of digging (4)
 Y - a wand of mindburst (3)
Scrolls
 a - a scroll of brand weapon {unknown}
 k - 2 scrolls of teleportation {@r2}
 n - a scroll of poison
 s - 3 scrolls of fear
 D - 2 scrolls of enchant armour
 Q - 2 scrolls of butterflies {unknown}
 R - a scroll of revelation
 V - a scroll of silence {unknown}
Potions
 b - 4 potions of magic
 c - 4 potions of heal wounds {@q2}
 d - 7 potions of curing {@q1}
 f - 6 potions of haste {@q3}
 g - 4 potions of enlightenment
 h - 2 potions of degeneration {unknown}
 l - 4 potions of ambrosia {unknown}
 u - 2 potions of berserk rage {!q}
 w - 3 potions of cancellation
 x - 6 potions of might
 y - 2 potions of mutation {unknown}
 z - 4 potions of invisibility {unknown}
 A - 2 potions of resistance {unknown}
 H - 6 potions of brilliance
Miscellaneous
 M - a phantom mirror (inert)
 T - a tin of tremorstones (2/2)

Dungeon Overview and Level Annotations

Branches:
Dungeon (13/15)            Temple (1/1) D:5            Lair (5/5) D:11
  Swamp (0/4) Lair:2       Spider (0/4) Lair:3        Slime (0/5) Lair:5
    Orc (1/2) D:9          Bailey (visited)           IceCv (visited)
Volcano (visited)
 Vaults: D:13-14

Altars:
Ashenzari
Cheibriados
Dithmenos
Elyvilon
Fedhas
Gozag
Hepliaklqana
Kikubaaqudgha
Makhleb
Nemelex Xobeh
Okawaru
Qazlal
Ru
Sif Muna
Trog
Uskayaw
Vehumet
Wu Jian
Xom
Yredelemnul
Zin
The Shining One

Shops:
D:2 :   D:5 *   D:8 [

Portals:
Trove: D:10 (give 3 potions of resistance)

Annotations:
D:6 exclusion: boulder beetle
D:7 2 exclusions
D:9 exclusion: downstairs

#.....##########...######.####...
#.#....#########...#####...###...
##.#....##...##.....#......##....
##...........##.............#....
###....###..........#.......##...
..###..# #..........##......##...
†..##..# #.#####Y..###.....###...
...##.###### #§...##.....###...
#..##.###.######@F..#...##.#.....
...##...#..#.##FlJF†#######......
...##..........Yl......###.......
..##.............................
###.........Y....................
#.........................†......
..#.....P.Y##.##.................
.........########......▒..▒..8†..
.....)..##***,**.§.▒▒▒...▒▒▒.▒▒..


You could see a catoblepas, an elephant (petrifying), a slime creature, a komodo
dragon (petrifying), 2 yaks, a cane toad, 2 blink frogs and a wyvern
(petrifying).


Message History

The blink frog is engulfed in calcifying dust.
The blink frog closely misses your komodo dragon.
The cane toad stings you!
* * * LOW HITPOINT WARNING * * *
The blink frog is engulfed in calcifying dust.
Your komodo dragon completely misses the wyvern.
The komodo dragon bites you.
* * * LOW HITPOINT WARNING * * *
The slime creature completely misses you.
Your komodo dragon shimmers and vanishes!
The blink frog is engulfed in calcifying dust.
The cane toad stings you!
* * * LOW HITPOINT WARNING * * *
The catoblepas breathes a plume of calcifying dust at you.
The blast of calcifying dust hits you!
* * * LOW HITPOINT WARNING * * *
The blast of calcifying dust hits the komodo dragon!
The blast of calcifying dust hits the wyvern.
The elephant is engulfed in calcifying dust.
The elephant is moving more slowly.
The blink frog is engulfed in calcifying dust.
The komodo dragon is engulfed in calcifying dust.
The komodo dragon is moving more slowly.
The komodo dragon bites you!
* * * LOW HITPOINT WARNING * * *
The wyvern is engulfed in calcifying dust.
The wyvern is moving more slowly.
The blink frog is engulfed in calcifying dust.
The slime creature hits you!
You die...

Skill      XL: |  1  2  3  4  5  6  7  8  9 10 11 12 13 14 |
---------------+-------------------------------------------+-----
Air Magic      | 5 6 7 8 9 10 12 13 14 15 | 15.0
Fighting       | 1 2 5 6 10 | 10.0
Spellcasting   | 3 5 6 7 |  7.0
Summonings     | 3 5 6 |  6.0
Fire Magic     | 3 5 6 7 8 |  8.0
Dodging        | 5 6 7 9 10 13 | 13.9
Stealth        | 5 6 |  6.0
Evocations     | 2 5 7 9 |  9.0
Poison Magic   | 2 5 6 7 |  7.0
Conjurations   | 2 |  2.0

Action                     |  1- 3 |  4- 6 |  7- 9 | 10-12 | 13-15 || total
---------------------------+-------+-------+-------+-------+-------++-------
  Melee: Unarmed           |     1 |     4 |       |       |       ||     5
         Kick              |     1 |       |     8 |    21 |    30 ||    60
         Peck              |       |     2 |     4 |     7 |    24 ||    37
         Staff             |       |       |    21 |    69 |    96 ||   186
         Punch             |       |       |     1 |       |     2 ||     3
         War axe           |       |       |       |     3 |       ||     3
   Cast: Shock             |   100 |    91 |    58 |    29 |     3 ||   281
         Airstrike         |       |    11 |    47 |   147 |   108 ||   313
         Summon Lightning  |       |       |    14 |    70 |    76 ||   160
         Poisonous Vapours |       |       |       |    87 |   152 ||   239
         Plasma Beam       |       |       |       |    25 |    29 ||    54
         Swiftness         |       |       |       |       |     3 ||     3
  Evoke: Wand              |       |       |     6 |    10 |     7 ||    23
         Phantom mirror    |       |       |       |     2 |     2 ||     4
         Tin of tremorston |       |       |       |       |     2 ||     2
    Use: Scroll            |     2 |     4 |     6 |     7 |     9 ||    28
         Potion            |       |     1 |     1 |       |     2 ||     4
   Stab: Distracted        |       |       |       |     2 |     3 ||     5
         Paralysed         |       |       |       |     1 |       ||     1
 Armour: Robe              |     4 |    10 |    14 |    97 |   148 ||   273
         Skin              |       |       |       |     1 |       ||     1
  Dodge: Dodged            |    13 |    18 |    44 |   250 |   208 ||   533

Levels and vault maps discovered:
D:1:      elethiomel_arrival_quiet, layout_basic,
          dreamdust_ecumenical_altar_angels_and_demons, nicolae_wormholes
D:2:      layout_basic, serial_shops, nicolae_shop_stone,
          hangedman_decor_lopped, serial_bayou_pond_a
D:3:      layout_basic, ashenzari_conservatory_becter
D:4:      layout_basic, hangedman_decor_growths
D:5:      layout_loops_ring, minmay_temple_entry_nine_rooms,
          nicolae_shop_sticking_my_neck_out
D:6:      cheibrodos_fzero, layout_rooms
D:7:      layout_basic, enter_bailey_3, dk_noncrumbling_4, uniq_joseph,
          uniq_menkaure, uniq_maggie
D:8:      layout_cave_pools, serial_shops, nicolae_shop_back_alley_shop
D:9:      layout_rooms, orc_0_dummy, nrook_campfire, kennysheep_diamond,
          uniq_pikel
D:10:     layout_loops_cross, nicolae_trove_entry_crossroad
D:11:     layout_stronghold, dpeg_lair_monsters, serial_column_ruins,
          column_ruins_square_medium, column_ruins_hut,
          column_ruins_columns_plus, column_ruins_open_tiny,
          column_ruins_grid_4, column_ruins_corridor_corner,
          column_ruins_columns_corner, uniq_fannar, uniq_josephine,
          uniq_nergalle
D:12:     lemuel_ice_statue, layout_basic, serial_bayou_pond_c,
          serial_bayou_lagoon_a
D:13:     minmay_spiral_squares, layout_loops_corners, gammafunk_ghost_grave
Temple:   compressed_dpeg_circular_temple
Lair:1:   layout_layer_cave, wad_woods_road_05, serial_bayou_shore_b
Lair:2:   layout_roguey, alex1729_swamp_entry_worm_eleionoma, serial_rivers,
          chequers_serial_rivers_large_a, chequers_serial_rivers_micro_b,
          chequers_serial_rivers_micro_b, chequers_serial_rivers_micro_d,
          chequers_serial_rivers_micro_c
Lair:3:   layout_hall_layers, spider_nest_entry_webs, grunt_megastairs_1
Lair:4:   layout_regular_city, portal_ice_cave_demonic_guard
Lair:5:   due_jungle_book, layout_regular_city, minmay_slime_entry_pillars,
          lightli_volcano_entry_magma_tube
Orc:1:    layout_caves, trog_butcher_becter

Notes
Turn   | Place    | Note
-------+----------+-------------------------------------------
     0 | D:1      | quinnr the Tengu Air Elementalist began the quest for the
                  | Orb.
     0 | D:1      | Reached XP level 1. HP: 10/10 MP: 4/4
   217 | D:1      | Reached XP level 2. HP: 15/15 MP: 3/6
   430 | D:1      | Reached skill level 5 in Air Magic
   588 | D:1      | Found a faded altar of an unknown god.
   921 | D:1      | Reached XP level 3. HP: 19/19 MP: 4/7
  1623 | D:2      | Reached skill level 6 in Air Magic
  1682 | D:2      | Found Asosiul Coro's Book Shop.
  1866 | D:2      | Reached XP level 4. HP: 24/24 MP: 6/8
  1871 | D:2      | Learned a level 4 spell: Airstrike
  2745 | D:3      | Reached skill level 7 in Air Magic
  2942 | D:3      | Found a broken altar of Ashenzari.
  3457 | D:4      | Reached skill level 1 in Fighting
  3457 | D:4      | Reached XP level 5. HP: 29/29 MP: 7/9
  3622 | D:5      | Entered Level 5 of the Dungeon
  3654 | D:5      | Found Eliefumm's Neck Hole.
  3679 | D:5      | Noticed a black bear
  3690 | D:5      | Killed a black bear
  3807 | D:5      | Noticed a water moccasin
  3811 | D:5      | Killed a water moccasin
  3812 | D:5      | Reached skill level 3 in Spellcasting
  3812 | D:5      | Reached skill level 8 in Air Magic
  3812 | D:5      | Reached XP level 6. HP: 7/34 MP: 0/11
  4157 | D:5      | Reached skill level 9 in Air Magic
  4275 | D:5      | Reached skill level 2 in Fighting
  4341 | D:5      | Gained mutation: Your magical flight helps you evade
                  | attacks. (EV +4) [Tengu growth]
  4341 | D:5      | Reached XP level 7. HP: 40/40 MP: 6/12
  4424 | D:5      | Reached skill level 3 in Fighting
  4575 | D:5      | Found a staircase to the Ecumenical Temple.
  4605 | Temple   | Entered the Ecumenical Temple
  4615 | Temple   | Became a worshipper of Vehumet
  4946 | D:4      | Reached skill level 4 in Fighting
  5072 | D:4      | Identified the +1 cloak of Ufuonace {rC+}
  5276 | D:4      | Reached skill level 5 in Fighting
  5478 | D:4      | Learned a level 6 spell: Plasma Beam
  5775 | D:4      | Reached XP level 8. HP: 49/49 MP: 0/14
  6233 | D:6      | Reached skill level 4 in Spellcasting
  6239 | D:6      | Learned a level 4 spell: Summon Lightning Spire
  6246 | D:6      | Reached * piety under Vehumet
  6246 | D:6      | Offered knowledge of Freeze by Vehumet.
  6445 | D:6      | Reached skill level 5 in Spellcasting
  6445 | D:6      | Reached skill level 2 in Summonings
  6621 | D:6      | Noticed a boulder beetle
  6654 | D:6      | Reached skill level 3 in Summonings
  6656 | D:6      | Reached skill level 1 in Fire Magic
  6668 | D:6      | Reached skill level 2 in Fire Magic
  6783 | D:6      | Noticed a vampire
  6786 | D:6      | Killed a vampire
  6787 | D:6      | Reached skill level 3 in Fire Magic
  6795 | D:6      | Reached skill level 10 in Air Magic
  6795 | D:6      | Reached XP level 9. HP: 54/54 MP: 0/17
  6803 | D:6      | Reached skill level 4 in Fire Magic
  6970 | D:6      | Reached skill level 5 in Fire Magic
  7187 | D:6      | Noticed a cyclops
  7193 | D:6      | Killed a cyclops
  7194 | D:6      | Reached skill level 3 in Dodging
  7194 | D:6      | Reached skill level 3 in Stealth
  7476 | D:6      | Reached skill level 6 in Fighting
  7476 | D:6      | Reached skill level 4 in Dodging
  7534 | D:6      | Reached skill level 4 in Stealth
  7941 | D:7      | Reached skill level 5 in Dodging
  7959 | D:7      | Noticed Joseph
  7965 | D:7      | Killed Joseph
  7966 | D:7      | Reached skill level 5 in Stealth
  7966 | D:7      | Reached XP level 10. HP: 39/60 MP: 6/18
  8132 | D:7      | Reached skill level 6 in Dodging
  8132 | D:7      | Reached skill level 6 in Stealth
  8200 | D:7      | Found a flagged portal.
  8205 | Bailey   | Entered a bailey
  8430 | Bailey   | Offered knowledge of Poisonous Vapours by Vehumet.
  8434 | Bailey   | Learned a level 2 spell: Poisonous Vapours
  8441 | Bailey   | Reached ** piety under Vehumet
  8565 | Bailey   | Noticed an orc knight
  8573 | Bailey   | Killed an orc knight
  8944 | D:7      | Reached skill level 4 in Summonings
  9371 | D:7      | Noticed Maggie
  9386 | D:7      | Killed Maggie
  9387 | D:7      | Reached skill level 5 in Summonings
  9387 | D:7      | Reached skill level 6 in Fire Magic
  9534 | D:7      | Noticed Menkaure
  9537 | D:7      | Killed Menkaure
  9538 | D:7      | Reached skill level 11 in Air Magic
 10170 | D:8      | Offered knowledge of Momentum Strike by Vehumet.
 10537 | D:8      | Reached skill level 12 in Air Magic
 10709 | D:8      | Reached *** piety under Vehumet
 11300 | D:8      | Found Fuofapny's Armour Shoppe.
 11465 | D:8      | Reached skill level 1 in Evocations
 11527 | D:9      | Reached skill level 1 in Poison Magic
 11650 | D:9      | Offered knowledge of Brom's Barrelling Boulder by Vehumet.
 11805 | D:9      | Noticed Pikel
 11808 | D:9      | Paralysed by Pikel for 3 turns
 11823 | D:9      | Killed Pikel
 11824 | D:9      | Reached skill level 2 in Poison Magic
 11824 | D:9      | Reached skill level 2 in Evocations
 11824 | D:9      | Reached XP level 11. HP: 64/64 MP: 3/19
 12628 | D:9      | Found a staircase to the Orcish Mines.
 12638 | Orc:1    | Entered Level 1 of the Orcish Mines
 12638 | Orc:1    | Noticed an orc knight
 12652 | D:9      | Reached skill level 3 in Evocations
 12787 | D:10     | Entered Level 10 of the Dungeon
 12808 | D:10     | Reached skill level 13 in Air Magic
 13081 | D:10     | Reached skill level 3 in Poison Magic
 13436 | D:10     | Found a portal to a secret trove of treasure.
 13861 | D:10     | Identified the +6 war axe "Haceife" {freeze, rC+ Will+
                  | Dex-3}
 14214 | D:11     | Noticed Josephine
 14329 | D:11     | Reached **** piety under Vehumet
 14333 | D:11     | Reached skill level 4 in Evocations
 14434 | D:10     | Offered knowledge of Fulminant Prism by Vehumet.
 14582 | D:11     | Killed Josephine
 14583 | D:11     | Reached skill level 4 in Poison Magic
 14749 | D:11     | Noticed a death yak
 14752 | D:11     | Noticed a death yak
 14758 | D:11     | Noticed a death yak
 14759 | D:11     | Killed a death yak
 14760 | D:11     | Reached skill level 7 in Dodging
 14771 | D:11     | Killed a death yak
 14809 | D:11     | Killed a death yak
 15226 | D:11     | Noticed Fannar
 15239 | D:11     | Killed Fannar
 15240 | D:11     | Reached skill level 7 in Fire Magic
 15240 | D:11     | Reached skill level 5 in Evocations
 15256 | D:11     | Reached skill level 5 in Poison Magic
 15412 | D:11     | Reached XP level 12. HP: 70/70 MP: 12/20
 15415 | D:11     | Reached skill level 14 in Air Magic
 15563 | D:11     | Found a staircase to the Lair.
 15599 | D:11     | Noticed Nergalle
 15612 | D:11     | Killed Nergalle
 15613 | D:11     | Reached skill level 8 in Dodging
 16266 | D:12     | Reached skill level 8 in Fire Magic
 16266 | D:12     | Reached ***** piety under Vehumet
 16392 | D:11     | Offered knowledge of Starburst by Vehumet.
 16522 | D:11     | Reached skill level 9 in Dodging
 16697 | D:12     | Noticed a two-headed ogre
 16698 | D:12     | Killed a two-headed ogre
 16699 | D:12     | Reached skill level 2 in Conjurations
 17384 | D:12     | Noticed a two-headed ogre
 17391 | D:12     | Killed a two-headed ogre
 17392 | D:12     | Reached skill level 6 in Evocations
 17397 | D:12     | Reached skill level 6 in Spellcasting
 18087 | D:12     | Identified the +4 short sword "Coneur" {heavy, +Blink Dex+4
                  | Stlth+}
 18102 | D:12     | Identified a +2 crystal plate armour
 18399 | D:13     | Noticed a tengu warrior
 18414 | D:13     | Killed a tengu warrior
 18568 | D:13     | Noticed a catoblepas
 18568 | D:13     | Noticed a boulder beetle
 18702 | Lair:1   | Entered Level 1 of the Lair of Beasts
 18947 | Lair:1   | Reached skill level 7 in Evocations
 19372 | Lair:1   | Reached XP level 13. HP: 76/76 MP: 15/24
 19445 | Lair:1   | Reached skill level 7 in Spellcasting
 19457 | Lair:1   | Reached skill level 7 in Fighting
 19767 | Lair:1   | Reached skill level 10 in Dodging
 20379 | Lair:1   | Reached skill level 8 in Evocations
 21095 | Lair:2   | Reached skill level 8 in Fighting
 21249 | Lair:2   | Offered knowledge of Conjure Ball Lightning by Vehumet.
 21459 | Lair:2   | Noticed an eleionoma
 21468 | Lair:2   | Killed an eleionoma
 21469 | Lair:2   | Reached skill level 9 in Evocations
 21527 | Lair:2   | Found a staircase to the Swamp.
 21829 | Lair:2   | Reached skill level 9 in Fighting
 22582 | Lair:3   | Reached skill level 10 in Fighting
 22589 | Lair:3   | Learned a level 6 spell: Conjure Ball Lightning
 23399 | Lair:3   | Reached skill level 6 in Summonings
 23536 | Lair:3   | Identified a scroll of acquirement
 23536 | Lair:3   | Acquired a staff of poison
 23919 | Lair:3   | Found a hole to the Spider Nest.
 24056 | Lair:3   | Reached skill level 6 in Poison Magic
 24452 | Lair:4   | Found a frozen archway.
 24458 | Lair:4   | Reached XP level 14. HP: 88/88 MP: 6/25
 24469 | IceCv    | Entered an ice cave
 24600 | IceCv    | Found a transporter.
 24607 | IceCv    | Identified a +1 crystal plate armour of cold resistance
 24615 | IceCv    | Found a transporter.
 24630 | IceCv    | Learned a level 3 spell: Swiftness
 25248 | IceCv    | Reached skill level 15 in Air Magic
 25296 | IceCv    | Identified the +2 robe of the Vestibule of Hell {Will+
                  | Int+4 Dex-5 Slay+3}
 25399 | Lair:4   | Reached skill level 7 in Poison Magic
 25867 | Lair:4   | Offered knowledge of Yara's Violent Unravelling by Vehumet.
 25903 | Lair:4   | Reached skill level 11 in Dodging
 26232 | Lair:5   | Entered Level 5 of the Lair of Beasts
 26380 | Lair:5   | Found a staircase to the Slime Pits.
 26395 | Lair:5   | Found a dark tunnel.
 26401 | Volcano  | Entered a volcano
 26539 | Volcano  | Noticed a red draconian
 26540 | Volcano  | Found a burning altar of Makhleb.
 26587 | Volcano  | Reached skill level 12 in Dodging
 26876 | Volcano  | Killed a red draconian
 27271 | Lair:5   | Reached skill level 13 in Dodging
 28332 | Lair:5   | HP: 7/88 [komodo dragon (7)]
 28332 | Lair:5   | Slain by a slime creature

Vanquished Creatures
  A red draconian (Volcano)
  Josephine (D:11)
  An ogre mage (Volcano)
  2 hydras
  5 two-headed ogres
  A tengu warrior (D:13)
  3 death yaks (D:11)
  Nergalle (D:11)
  A skyshark (Lair:2)
  An orc knight (Bailey)
  An ugly thing (IceCv)
  3 cyclopes
  2 black mambas
  3 elephants
  3 ice statues
  10 cane toads
  A gargoyle (D:13)
  A kobold demonologist (D:12)
  5 komodo dragons
  An ice devil (Lair:4)
  A tengu conjurer (D:13)
  A troll (D:10)
  4 hornets
  4 dream sheep (Lair:3)
  15 blink frogs
  4 slime creatures
  A shadow (D:12)
  3 vampires
  3 wyverns
  5 wraiths
  14 yaks
  A basilisk (Lair:1)
  A vampire mosquito (D:12)
  Menkaure (D:7)
  14 water moccasins
  An orc warrior (D:8)
  A sky beast (D:6)
  2 black bears
  An ogre (D:6)
  5 wolves
  A phantom (D:4)
  4 centaurs
  A lemure (D:9)
  2 kobold brigands
  10 bullfrogs
  2 scorpions
  7 wights
  14 howler monkeys
  2 electric eels (D:12)
  5 jellies
  4 orc priests
  3 gnoll boudas
  3 iguanas
  2 sleepcaps
  A hell rat (D:11)
  9 orc wizards
  A polar bear simulacrum (IceCv)
  A wolf simulacrum (IceCv)
  16 gnolls
  2 river rats (D:11)
  10 adders
  A white imp (D:6)
  4 ufetubi
  3 dart slugs
  3 worms (D:2)
  19 orcs
  10 endoplasms
  5 giant cockroaches
  6 goblins
  11 hobgoblins
  2 jackals (D:3)
  4 quokkas
  8 ball pythons
  7 bats
  3 frilled lizards
  7 kobolds
  3 rats
325 creatures vanquished.

Vanquished Creatures (collateral kills)
  An eleionoma (Lair:2)
  Fannar (D:11)
  A hydra (Lair:5)
  3 two-headed ogres
  A skyshark (Lair:5)
  Pikel (D:9)
  An oklob plant (Lair:3)
  2 elephants (Lair:3)
  Joseph (D:7)
  7 cane toads
  A rime drake (Lair:3)
  2 kobold demonologists (D:12)
  Maggie (D:7)
  2 komodo dragons
  An ice devil (Lair:4)
  11 blink frogs
  2 dream sheep (Lair:3)
  A slime creature (D:12)
  A shadow (D:11)
  4 wraiths
  A wyvern (D:7)
  32 yaks
  3 vampire mosquitoes (D:12)
  2 basilisks (Lair:5)
  3 redbacks (Lair:3)
  An acid dragon (D:11)
  2 water moccasins (Lair:5)
  2 orc warriors
  An ogre (D:6)
  A centaur (D:11)
  8 wolves
  A lemure (D:9)
  A kobold brigand (D:8)
  4 bullfrogs
  A scorpion (D:6)
  6 wights
  2 howler monkeys
  A hound (D:6)
  3 orc priests
  2 iguanas (D:6)
  2 orc wizards
  3 hell rats (D:11)
  11 gnolls
  An adder (D:6)
  A white imp (D:6)
  An ufetubus (D:6)
  20 orcs
  A goblin (D:7)
  9 kobolds
171 creatures vanquished.

Vanquished Creatures (others)
  An ugly thing (IceCv)
  An orc wizard (D:10)
2 creatures vanquished.

Grand Total: 498 creatures vanquished

Table legend: (Time is in decaauts)
 A = Elapsed time spent in this place.
 B = Non-inter-level travel time spent in this place.
 C = Inter-level travel time spent in this place.
 D = Time resting spent in this place.
 E = Time spent auto-exploring this place.
 F = Levels seen in this place.
 G = Mean time per level.
                   A        B        C        D        E       F      G
               +--------+--------+--------+--------+--------+-----+--------+
         Total |  28425 |  27360 |   1065 |   5468 |  17292 |  23 | 1235.9 |
       Dungeon |  18546 |  17698 |    848 |   3812 |  11162 |  13 | 1426.6 |
        Temple |     20 |     10 |     10 |      0 |      0 |   1 |   20.0 |
          Lair |   7575 |   7369 |    206 |    631 |   5493 |   5 | 1515.0 |
  Orcish Mines |      2 |      2 |      0 |      0 |      0 |   1 |    2.0 |
        Bailey |    630 |    630 |      0 |    119 |    315 |   1 |  630.0 |
      Ice Cave |    866 |    866 |      0 |    574 |     55 |   1 |  866.0 |
       Volcano |    783 |    783 |      0 |    332 |    267 |   1 |  783.0 |
               +--------+--------+--------+--------+--------+-----+--------+

Top non-repeatable levels by time:
    D:11: 2537 daAuts
     D:7: 2036 daAuts
  Lair:3: 1921 daAuts
  Lair:1: 1873 daAuts
    D:12: 1781 daAuts
    D:10: 1683 daAuts
     D:6: 1545 daAuts
  Lair:2: 1488 daAuts
     D:4: 1467 daAuts
     D:5: 1425 daAuts
  Lair:4: 1317 daAuts
     D:8: 1315 daAuts
     D:1: 1303 daAuts
     D:9: 1131 daAuts
     D:3: 1068 daAuts

Table legend:
 A = Non-vault XP
 B = Vault XP
 C = Vault XP percentage of total XP
 D = Non-vault monster count
 E = Vault monster count
 F = Vault count percentage of total count
                 A         B        C        D         E       F
            +---------+---------+-------+---------+---------+-------
      Total |   55477 |   24438 |  30.6 |     399 |      97 |  19.6
            +---------+---------+-------+---------+---------+-------
        D:1 |      44 |       0 |   0.0 |      25 |       0 |   0.0
        D:2 |      66 |       4 |   5.7 |      21 |       1 |   4.5
        D:3 |      47 |       0 |   0.0 |      14 |       0 |   0.0
        D:4 |     513 |       0 |   0.0 |      25 |       0 |   0.0
        D:5 |     639 |       0 |   0.0 |      19 |       0 |   0.0
        D:6 |    1340 |    1392 |  51.0 |      27 |      14 |  34.1
        D:7 |    1464 |    1011 |  40.8 |      16 |       7 |  30.4
        D:8 |    1021 |       0 |   0.0 |      31 |       0 |   0.0
        D:9 |     915 |     841 |  47.9 |      11 |       3 |  21.4
       D:10 |    1723 |     210 |  10.9 |      22 |       2 |   8.3
       D:11 |    3028 |    5932 |  66.2 |      15 |      17 |  53.1
       D:12 |    5811 |     427 |   6.8 |      26 |       1 |   3.7
       D:13 |    1549 |       0 |   0.0 |       3 |       0 |   0.0
     Lair:1 |    7721 |       0 |   0.0 |      35 |       0 |   0.0
     Lair:2 |    6608 |    1028 |  13.5 |      25 |       1 |   3.8
     Lair:3 |    6709 |    2945 |  30.5 |      25 |       9 |  26.5
     Lair:4 |    6363 |     671 |   9.5 |      22 |       2 |   8.3
     Lair:5 |    9916 |     332 |   3.2 |      37 |       3 |   7.5
     Bailey |       0 |     820 | 100.0 |       0 |      23 | 100.0
      IceCv |       0 |    2032 | 100.0 |       0 |       6 | 100.0
    Volcano |       0 |    6793 | 100.0 |       0 |       8 | 100.0
            +---------+---------+-------+---------+---------+-------

Levels and vault maps discovered:
D:1:      elethiomel_arrival_quiet, layout_basic,
          dreamdust_ecumenical_altar_angels_and_demons, nicolae_wormholes
D:2:      layout_basic, serial_shops, nicolae_shop_stone,
          hangedman_decor_lopped, serial_bayou_pond_a
D:3:      layout_basic, ashenzari_conservatory_becter
D:4:      layout_basic, hangedman_decor_growths
D:5:      layout_loops_ring, minmay_temple_entry_nine_rooms,
          nicolae_shop_sticking_my_neck_out
D:6:      cheibrodos_fzero, layout_rooms
D:7:      layout_basic, enter_bailey_3, dk_noncrumbling_4, uniq_joseph,
          uniq_menkaure, uniq_maggie
D:8:      layout_cave_pools, serial_shops, nicolae_shop_back_alley_shop
D:9:      layout_rooms, orc_0_dummy, nrook_campfire, kennysheep_diamond,
          uniq_pikel
D:10:     layout_loops_cross, nicolae_trove_entry_crossroad
D:11:     layout_stronghold, dpeg_lair_monsters, serial_column_ruins,
          column_ruins_square_medium, column_ruins_hut,
          column_ruins_columns_plus, column_ruins_open_tiny,
          column_ruins_grid_4, column_ruins_corridor_corner,
          column_ruins_columns_corner, uniq_fannar, uniq_josephine,
          uniq_nergalle
D:12:     lemuel_ice_statue, layout_basic, serial_bayou_pond_c,
          serial_bayou_lagoon_a
D:13:     minmay_spiral_squares, layout_loops_corners, gammafunk_ghost_grave
Temple:   compressed_dpeg_circular_temple
Lair:1:   layout_layer_cave, wad_woods_road_05, serial_bayou_shore_b
Lair:2:   layout_roguey, alex1729_swamp_entry_worm_eleionoma, serial_rivers,
          chequers_serial_rivers_large_a, chequers_serial_rivers_micro_b,
          chequers_serial_rivers_micro_b, chequers_serial_rivers_micro_d,
          chequers_serial_rivers_micro_c
Lair:3:   layout_hall_layers, spider_nest_entry_webs, grunt_megastairs_1
Lair:4:   layout_regular_city, portal_ice_cave_demonic_guard
Lair:5:   due_jungle_book, layout_regular_city, minmay_slime_entry_pillars,
          lightli_volcano_entry_magma_tube
Orc:1:    layout_caves, trog_butcher_becter
